 Dungeon Crawl Stone Soup version 0.31-a0-955-gcb8bc90ed4 (webtiles) character file.

Game seed: 6761169854771328663

273 Descartes the Magician (level 6, -4/41 HPs)
             Began as a Demonspawn Hedge Wizard on Oct 22, 2023.
             Was an Initiate of Jiyva.
             Slain by Pascal76's ghost (7 damage)
             ... on level 4 of the Dungeon.
             The game lasted 00:14:53 (4857 turns).

Descartes the Magician (Demonspawn Hedge Wizard)    Turns: 4857, Time: 00:14:54

Health: -4/41      AC:  3    Str: 10    XL:     6   Next: 3%
Magic:  6/13       EV: 12    Int: 17    God:    Jiyva [......]
Gold:   143        SH:  4    Dex: 13    Spells: 11/14 levels left

rFire   . . .        a - +0 dagger
rCold   . . .        (no shield)
rNeg    . . .        b - +0 robe
rPois   .            (helmet restricted)
rElec   .            o - +0 cloak
rCorr   .            (no gloves)
SInv    .            (no boots)
Will    .....        (no amulet)
Stlth   ++           (no ring)
HPRegen 0.26/turn    (no ring)
MPRegen 0.13/turn

%: no passive effects
@: hasted, very quick
A: antennae 1, large bone plates 1, demonic magic 1
a: Renounce Religion


You were on level 4 of the Dungeon.
You worshipped Jiyva.
Jiyva was noncommittal.
You visited 1 branch of the dungeon, and saw 4 of its levels.
You also visited: Sewer.

You collected 143 gold pieces.

Inventory:

Hand Weapons
 a - a +0 dagger (weapon)
Missiles
 s - 3 boomerangs
 t - 2 poisoned darts
Armour
 b - a +0 robe (worn)
 l - a +0 helmet
 o - a +0 cloak (worn)
Jewellery
 d - a +5 ring of evasion
Talismans
 i - a serpent talisman
Wands
 v - a wand of flame (15)
Scrolls
 c - a scroll of enchant armour {unknown}
 e - 3 scrolls of revelation
 f - a scroll of teleportation {unknown}
 h - 5 scrolls of identify {unknown}
 n - a scroll of vulnerability {unknown}
 r - 2 scrolls of brand weapon {unknown}
Potions
 g - 3 potions of haste
 j - a potion of degeneration {unknown}
 k - a potion of curing {unknown}
 m - a potion of might {unknown}
 p - a potion of brilliance {unknown}
 q - a potion of attraction {unknown}
 u - 2 potions of cancellation {unknown}


   Skills:
 - Level 1.7 Dodging
 - Level 1.7 Stealth
 + Level 4.9 Spellcasting
 + Level 4.3 Conjurations
 - Level 1.0 Summonings
 - Level 0.8 Translocations


You had 11 spell levels left.
You knew the following spells:

 Your Spells              Type           Power      Damage    Failure   Level
a - Magic Dart            Conj           72%        1d6       2%          1
b - Blink                 Tloc           14%        N/A       16%         2

Your spell library contained the following spells:

 Spells                   Type           Power      Damage    Failure   Level
 Slow                     Hex            16%        N/A       14%         1
 Call Imp                 Summ           14%        N/A       14%         2
 Cigotuvi's Dreadful Rot  Necr/Pois/Air  8%         N/A       22%         2
 Mephitic Cloud           Conj/Pois/Air  9%         N/A       24%         3
 Summon Guardian Golem    Hex/Summ       5%         N/A       34%         3
 Orb of Destruction       Conj           9%         9d6       100%        7
 Spellforged Servitor     Conj/Summ      6%         N/A       100%        7


Dungeon Overview and Level Annotations

Branches:
Dungeon (4/15)              Sewer (visited)
 Temple: D:4-7

Altars:
Hepliaklqana
Kikubaaqudgha

Annotations:
D:4 Pascal76's ghost, amateur OpGl


Innate Abilities, Weirdness & Mutations

You have a pair of small antennae on your head.
You are partially covered in large bone plates. (SH +4)
Spells you cast may paralyse adjacent enemies.


Message History

Casting: Magic Dart (safe; 2% risk of failure)
Confirm with . or Enter, or press ? or * to list all spells.
Aiming: Magic Dart (safe; 2% risk of failure)
Press: ? - help, Shift-Dir - straight line, f/p - Pascal76's ghost
Aim: Pascal76's ghost (heavily damaged, 100% to hit)
The magic dart hits Pascal76's ghost but does no damage.
Pascal76's ghost is heavily damaged.
Malevolent energies surge around you. Pascal76's ghost hits you.
Casting: Magic Dart (safe; 2% risk of failure)
Confirm with . or Enter, or press ? or * to list all spells.
Aiming: Magic Dart (safe; 2% risk of failure)
Press: ? - help, Shift-Dir - straight line, f/p - Pascal76's ghost
Aim: Pascal76's ghost (heavily damaged, 100% to hit)
The magic dart hits Pascal76's ghost but does no damage.
Pascal76's ghost is heavily damaged.
Malevolent energies surge around you. Pascal76's ghost hits you!
* * * LOW HITPOINT WARNING * * *
Casting: Magic Dart (safe; 2% risk of failure)
Confirm with . or Enter, or press ? or * to list all spells.
Aiming: Magic Dart (safe; 2% risk of failure)
Press: ? - help, Shift-Dir - straight line, f/p - Pascal76's ghost
Aim: Pascal76's ghost (heavily damaged, 100% to hit)
The magic dart hits Pascal76's ghost.
Pascal76's ghost is heavily damaged.
Malevolent energies surge around you. Pascal76's ghost hits you.
* * * LOW HITPOINT WARNING * * *
You hit Pascal76's ghost but do no damage.
Pascal76's ghost is heavily damaged.
Pascal76's ghost hits you.
* * * LOW HITPOINT WARNING * * *
You hear a distant slurping noise.
Casting: Magic Dart (safe; 2% risk of failure)
Confirm with . or Enter, or press ? or * to list all spells.
Aiming: Magic Dart (safe; 2% risk of failure)
Press: ? - help, Shift-Dir - straight line, f/p - Pascal76's ghost
Aim: Pascal76's ghost (heavily damaged, 100% to hit)
Okay, then.
It was a potion of haste.
You feel yourself speed up. Pascal76's ghost hits you!
You die...

***,,,,,,,*.#.,***,*,*
,,,,,,,,>......J,,,*,*
,,,,,,,,,.......,,,,,*
,,,**,*,,.......,,,,,*
,,,,,,,,.J###...##**,*
,,,,*,,.J##⌠##...##*,#
,,,,*,..##...##...##.#
***,,..##..?..##.....#
* *,*..#⌠..♣...W@.#..#
***,*..##..!..##.....#
,,,,*...##...##...##.#
,,,,,....##⌠##...##*##
**,,*,#...###...##
+,###,#.........#
###~###.......#.#
~~~~~##..##.#.#.#
##~~~#..,*#.#.#.#


You could see Pascal76's ghost and 2 neutral jellies (fellow slime).

Vanquished Creatures
  A jelly (Sewer)
  A sleepcap (D:4)
  5 adders
  6 river rats (Sewer)
  3 dart slugs
  8 orcs
  6 bats
  14 endoplasms
  13 giant cockroaches
  4 goblins
  10 hobgoblins
  6 kobolds
  3 quokkas
  7 ball pythons
  7 frilled lizards
  10 rats
104 creatures vanquished.

Vanquished Creatures (others)
  An orc (D:4)
  2 giant cockroaches (D:4)
  A hobgoblin (D:4)
  2 ball pythons (D:4)
6 creatures vanquished.

Grand Total: 110 creatures vanquished

Notes
Turn   | Place    | Note
-------+----------+-------------------------------------------
     0 | D:1      | Descartes the Demonspawn Hedge Wizard began the quest for
                  | the Orb.
     0 | D:1      | Reached XP level 1. HP: 13/13 MP: 4/4
   297 | D:1      | Gained mutation: You are partially covered in large bone
                  | plates. (SH +4) [demonic ancestry]
   297 | D:1      | Reached XP level 2. HP: 19/19 MP: 0/6
  1257 | D:2      | Reached XP level 3. HP: 24/24 MP: 4/8
  2165 | D:3      | Reached XP level 4. HP: 27/30 MP: 4/9
  3115 | D:3      | Found an ancient bone altar of Kikubaaqudgha.
  3132 | D:3      | Found a hazy altar of Hepliaklqana.
  3279 | D:4      | Found a glowing drain.
  3315 | Sewer    | Entered a sewer
  3424 | Sewer    | Learned a level 2 spell: Blink
  3520 | Sewer    | Gained mutation: Spells you cast may paralyse adjacent
                  | enemies. [demonic ancestry]
  3520 | Sewer    | Reached XP level 5. HP: 35/35 MP: 4/11
  4415 | Sewer    | Found a viscous altar of Jiyva.
  4424 | Sewer    | Became a worshipper of Jiyva Jeishaun the Shapeless
  4591 | D:4      | Gained mutation: You have a pair of small antennae on your
                  | head. [demonic ancestry]
  4591 | D:4      | Reached XP level 6. HP: 17/41 MP: 0/13
  4831 | D:4      | Found a runed translucent door.
  4831 | D:4      | Noticed Pascal76's ghost (amateur OpGl)
  4856 | D:4      | HP: 2/41 [Pascal76's ghost (2)]
  4857 | D:4      | Slain by Pascal76's ghost

Illustrated notes

Levels and vault maps discovered:
D:1:      amcnicky_arrival_choice, layout_basic
D:2:      layout_rooms, chequers_serial_rivers_micro_c
D:3:      layout_loops_corners, mainiacjoe_overflow_swirl, nrook_mini_backslash,
          hex_tiny
D:4:      layout_basic, grunt_temple_overflow_champion_of_chaos,
          hellmonk_ghost_happy_afterlife, gup_sewer_entry_bubbles

Skill      XL: |  1  2  3  4  5 |
---------------+----------------+-----
Conjurations   | 2 3 4 |  4.3
Spellcasting   | 4 |  4.9
Dodging        | |  1.7
Stealth        | |  1.7
Summonings     | |  1.0
Translocations | |  0.8

Action                     |  1- 3 |  4- 6 || total
---------------------------+-------+-------++-------
  Melee: Dagger            |    29 |    49 ||    78
         Punch             |       |     2 ||     2
   Cast: Magic Dart        |   105 |   196 ||   301
    Use: Potion            |       |     3 ||     3
         Scroll            |       |     1 ||     1
   Stab: Paralysed         |       |     6 ||     6
 Armour: Robe              |    16 |    49 ||    65
  Dodge: Dodged            |    35 |    53 ||    88
  Block: Other             |     6 |    11 ||    17

Table legend: (Time is in decaauts)
 A = Elapsed time spent in this place.
 B = Non-inter-level travel time spent in this place.
 C = Inter-level travel time spent in this place.
 D = Time resting spent in this place.
 E = Time spent auto-exploring this place.
 F = Levels seen in this place.
 G = Mean time per level.
                   A        B        C        D        E       F      G
               +--------+--------+--------+--------+--------+-----+--------+
         Total |   4908 |   4872 |     36 |      0 |   3969 |   5 |  981.6 |
       Dungeon |   3735 |   3699 |     36 |      0 |   2992 |   4 |  933.8 |
         Sewer |   1172 |   1172 |      0 |      0 |    977 |   1 | 1172.0 |
               +--------+--------+--------+--------+--------+-----+--------+

Top non-repeatable levels by time:
     D:3: 1233 daAuts
   Sewer: 1172 daAuts
     D:1: 1042 daAuts
     D:2: 874 daAuts
     D:4: 585 daAuts
